 Dungeon Crawl Stone Soup version 0.21-a0-513-gdcb3f5e (webtiles) character file.

446 blurby the Magician (level 7, -5/50 HPs)
             Began as a Gnoll Wizard on Dec 2, 2017.
             Slain by a slave (8 damage)
             ... led by Pikel
             ... on level 5 of the Dungeon.
             The game lasted 00:53:28 (5843 turns).

blurby the Magician (Gnoll Wizard)                  Turns: 5843, Time: 00:53:30

Health: -5/50      AC:  2    Str:  9    XL:     7   Next: 3%
Magic:  6/18       EV: 14    Int: 23    God:
Gold:   213        SH:  0    Dex: 13    Spells: 8/21 levels left

rFire    . . .     SeeInvis +   e - +0 shortbow
rCold    . . .     Gourm    .   (shield currently unavailable)
rNeg     . . .     Faith    .   a - +0 robe
rPois    .         Spirit   .   b - +0 hat
rElec    .         Reflect  .   (no cloak)
rCorr    .         Harm     .   (no gloves)
MR       .....                  (no boots)
Stlth    ++++......             D - amulet of rage
HPRegen  0.16/turn              i - ring of see invisible
MPRegen  0.16/turn              A - ring of stealth

@: no status effects
A: distributed training, fangs 1, strong nose
a: Evoke Berserk Rage


You were on level 5 of the Dungeon.
You were hungry.

You visited 1 branch of the dungeon, and saw 5 of its levels.

You collected 213 gold pieces.

Inventory:

Hand Weapons
 e - a +0 shortbow (weapon)
 o - a +1 whip of venom
 s - a +0 dagger
 t - a +0 spear
 G - a +0 mace
Missiles
 h - 115 arrows (quivered)
 l - 3 tomahawks
 w - 37 poisoned needles
 z - 41 stones
Armour
 a - a +0 robe (worn)
 b - a +0 hat (worn)
 j - a +1 leather armour
 q - a +0 ring mail
 x - a +0 plate armour
Jewellery
 i - a ring of see invisible (left hand)
 y - an uncursed amulet of guardian spirit
 A - a ring of stealth (right hand)
 D - an amulet of rage (around neck)
 F - the ring "Zeoph" {+Fly rPois rN+, unknown}
   (You found it on level 5 of the Dungeon)

   [ring of positive energy]

   It protects you from poison.
   It protects you from negative energy.
   It lets you fly.
Wands
 B - a wand of random effects (34)
Scrolls
 g - 2 scrolls of fear
 m - 4 scrolls of remove curse
 u - a scroll of fog
 v - 2 scrolls of blinking
 C - a scroll of teleportation
 E - a scroll of enchant armour
 H - a scroll of brand weapon {unknown}
Potions
 n - 3 potions of curing
 p - 5 potions of flight
Books
 c - a book of Minor Magic

   Spells                             Type                      Level
   a - Magic Dart                     Conjuration                  1
   b - Blink                          Translocation                2
   c - Call Imp                       Summoning                    2
   d - Slow                           Hexes                        2
   e - Conjure Flame                  Conjuration/Fire             3
   f - Mephitic Cloud                 Conjuration/Poison/Air       3
Comestibles
 d - 4 bread rations
 f - a royal jelly
 k - 3 meat rations
 r - 8 fruits


   Skills:
 + Level 2.2 Fighting
 + Level 2.2 Short Blades
 + Level 2.2 Long Blades
 + Level 2.2 Axes
 + Level 2.2 Maces & Flails
 + Level 2.2 Polearms
 + Level 2.2 Staves
 + Level 2.2 Slings
 + Level 2.2 Bows
 + Level 2.2 Crossbows
 + Level 2.2 Throwing
 + Level 2.2 Armour
 + Level 5.1 Dodging
 + Level 4.7 Stealth
 + Level 2.2 Shields
 + Level 2.2 Unarmed Combat
 + Level 7.5 Spellcasting
 + Level 2.8 Conjurations
 + Level 1.7 Hexes
 + Level 1.7 Charms
 + Level 2.8 Summonings
 + Level 1.7 Necromancy
 + Level 2.8 Translocations
 + Level 1.7 Transmutations
 + Level 1.7 Fire Magic
 + Level 1.7 Ice Magic
 + Level 1.7 Air Magic
 + Level 1.7 Earth Magic
 + Level 1.7 Poison Magic
 + Level 2.4 Invocations
 + Level 2.2 Evocations


You had 8 spell levels left.
You knew the following spells:

 Your Spells              Type           Power        Failure   Level  Hunger
a - Magic Dart            Conj           ###.         2%          1    None
b - Call Imp              Summ           ###.....     3%          2    None
c - Slow                  Hex            ###.....     5%          2    None
d - Blink                 Tloc           N/A          3%          2    None
e - Conjure Flame         Conj/Fire      ###.....     9%          3    None
f - Mephitic Cloud        Conj/Pois/Air  ###.....     9%          3    None


Dungeon Overview and Level Annotations

Branches:
Dungeon (5/15)
 Temple: D:4-7

Altars:
Xom

Annotations:
D:5 Pikel; kamisama14's ghost, novice TrBe


Innate Abilities, Weirdness & Mutations

Your experience applies equally to all skills.
You have very sharp teeth.
Your uncanny sense of smell can sniff out nearby items.


Message History

Pikel burns you.
* * * LOW HITPOINT WARNING * * *
The slave hits your white imp.
Your white imp gestures at the slave.
The puff of frost hits the slave.
The slave dies!
The slave barely misses you. x2
Casting: Magic Dart
Confirm with . or Enter, or press ? or * to list all spells.
Aiming: Magic Dart
Press: ? - help, Shift-Dir - straight line, f/p - Pikel
Aim: Pikel, wielding a whip of flaming and wearing a robe (moderately wounded)
The magic dart hits Pikel.
Pikel is moderately wounded.
The slave closely misses you. Pikel hits you with a whip of flaming.
* * * LOW HITPOINT WARNING * * *
Pikel burns you.
* * * LOW HITPOINT WARNING * * *
The slave hits you!
You die...

#.............
#######.##..........
#.....#.##..........
#.....#.##..........
#.....#.##.......... ##
#.....#.####....##.# ...
#.....#.# #....##.# ....
#.pp..#.# #....##.# .....
#.K@..#.# #....##.#
......#.p5..#.####....##.#
............#.......####.#
......##.##########.......
....................)...>#
##..p..#..#########.######
#.....#..................
#.... #................W.
#.... #..................


You could see Pikel, 3 slaves and a friendly white imp.

Vanquished Creatures
  An ogre (D:5)
  A hound (D:5)
  A jelly (D:5)
  An orc wizard (D:4)
  2 worker ants (D:4)
  A gnoll (D:2)
  5 adders
  2 worms (D:2)
  2 dart slugs
  2 leopard geckos (D:2)
  3 orcs
  8 bats
  A giant cockroach (D:2)
  6 goblins
  6 hobgoblins
  7 jackals
  2 quokkas (D:3)
  3 ball pythons
  6 frilled lizards
  5 kobolds
  7 rats
72 creatures vanquished.

Vanquished Creatures (collateral kills)
  A slave (D:5)
  A centaur (D:5)
  An orc priest (D:3)
  An adder (D:2)
  A worm (D:2)
  A dart slug (D:2)
  A leopard gecko (D:4)
  3 orcs
  A bat (D:2)
  2 goblins
  2 jackals (D:2)
  2 quokkas
  2 ball pythons
  A kobold (D:2)
20 creatures vanquished.

Grand Total: 92 creatures vanquished

Notes
Turn   | Place    | Note
-------+----------+-------------------------------------------
     0 | D:1      | blurby the Gnoll Wizard began the quest for the Orb.
     0 | D:1      | Reached XP level 1. HP: 13/13 MP: 8/8
   302 | D:1      | Reached XP level 2. HP: 19/19 MP: 2/10
   875 | D:1      | Learned a level 2 spell: Call Imp
   878 | D:1      | Learned a level 2 spell: Slow
   881 | D:1      | Learned a level 2 spell: Blink
  1483 | D:2      | Reached XP level 3. HP: 25/25 MP: 8/11
  1747 | D:2      | Reached skill level 1 in Invocations
  1872 | D:2      | Reached skill level 1 in Fighting
  1872 | D:2      | Reached skill level 1 in Short Blades
  1872 | D:2      | Reached skill level 1 in Long Blades
  1872 | D:2      | Reached skill level 1 in Axes
  1872 | D:2      | Reached skill level 1 in Maces & Flails
  1872 | D:2      | Reached skill level 1 in Polearms
  1872 | D:2      | Reached skill level 1 in Staves
  1872 | D:2      | Reached skill level 1 in Slings
  1872 | D:2      | Reached skill level 1 in Bows
  1872 | D:2      | Reached skill level 1 in Crossbows
  1872 | D:2      | Reached skill level 1 in Throwing
  1872 | D:2      | Reached skill level 1 in Armour
  1872 | D:2      | Reached skill level 1 in Shields
  1872 | D:2      | Reached skill level 1 in Unarmed Combat
  1872 | D:2      | Reached skill level 1 in Evocations
  1930 | D:2      | Reached XP level 4. HP: 22/32 MP: 2/13
  3017 | D:3      | Learned a level 3 spell: Conjure Flame
  3021 | D:3      | Learned a level 3 spell: Mephitic Cloud
  3093 | D:3      | Found a shimmering altar of Xom.
  3125 | D:4      | Reached skill level 1 in Hexes
  3125 | D:4      | Reached skill level 1 in Charms
  3125 | D:4      | Reached skill level 1 in Necromancy
  3125 | D:4      | Reached skill level 1 in Transmutations
  3125 | D:4      | Reached skill level 1 in Fire Magic
  3125 | D:4      | Reached skill level 1 in Ice Magic
  3125 | D:4      | Reached skill level 1 in Air Magic
  3125 | D:4      | Reached skill level 1 in Earth Magic
  3125 | D:4      | Reached skill level 1 in Poison Magic
  3129 | D:4      | Reached XP level 5. HP: 13/37 MP: 0/14
  4236 | D:3      | Reached XP level 6. HP: 33/44 MP: 9/16
  5035 | D:5      | Entered Level 5 of the Dungeon
  5119 | D:5      | Reached skill level 5 in Dodging
  5159 | D:5      | Noticed kamisama14's ghost (novice TrBe)
  5172 | D:5      | Noticed a slave
  5706 | D:5      | Reached XP level 7. HP: 22/50 MP: 11/18
  5774 | D:5      | Got a faintly glowing glass ring
  5827 | D:5      | Noticed Pikel
  5843 | D:5      | Slain by a slave

Vault maps used:
D:1:      minmay_arrival_checkered_box, lemuel_flame_loot_1
D:2:      minmay_mini_jars
D:3:      xom_butterflies, first_bread, minmay_misc_feat_ornament
D:4:      lemuel_doored_altar, saegor_snake_ambush
D:5:      nicolae_overflow_crystal_walls, kennysheep_little_box, uniq_menkaure,
          uniq_prince_ribbit1, uniq_pikel

Skill      XL: |  1  2  3  4  5  6 |
---------------+-------------------+-----
Conjurations   | 2 |  2.8
Summonings     | 2 |  2.8
Translocations | 2 |  2.8
Invocations    | 1 2 |  2.4
Fighting       | 1 2 |  2.2
Short Blades   | 1 2 |  2.2
Long Blades    | 1 2 |  2.2
Axes           | 1 2 |  2.2
Maces & Flails | 1 2 |  2.2
Polearms       | 1 2 |  2.2
Staves         | 1 2 |  2.2
Slings         | 1 2 |  2.2
Bows           | 1 2 |  2.2
Crossbows      | 1 2 |  2.2
Throwing       | 1 2 |  2.2
Armour         | 1 2 |  2.2
Shields        | 1 2 |  2.2
Unarmed Combat | 1 2 |  2.2
Evocations     | 1 2 |  2.2
Hexes          | 1 |  1.7
Charms         | 1 |  1.7
Necromancy     | 1 |  1.7
Transmutations | 1 |  1.7
Fire Magic     | 1 |  1.7
Ice Magic      | 1 |  1.7
Air Magic      | 1 |  1.7
Earth Magic    | 1 |  1.7
Poison Magic   | 1 |  1.7
Dodging        | 5 |  5.1
Stealth        | |  4.7
Spellcasting   | |  7.5

Action                   |  1- 3 |  4- 6 |  7- 9 || total
-------------------------+-------+-------+-------++-------
Melee: Unarmed           |    15 |       |       ||    15
       Whip              |    13 |    54 |       ||    67
       Bite              |     1 |     8 |       ||     9
 Fire: Shortbow          |       |     2 |       ||     2
Throw: Tomahawk          |     1 |       |       ||     1
 Cast: Magic Dart        |    77 |    98 |    11 ||   186
       Call Imp          |     6 |    13 |     1 ||    20
       Slow              |     1 |     8 |     1 ||    10
       Mephitic Cloud    |       |     3 |       ||     3
       Conjure Flame     |       |     2 |       ||     2
       Blink             |       |     1 |       ||     1
  Use: Scroll            |     4 |     7 |       ||    11
       Potion            |       |     3 |       ||     3
 Stab: Sleeping          |       |     1 |       ||     1
  Eat: Chunk             |     3 |    10 |     1 ||    14
Armor: Robe              |     2 |    17 |     2 ||    21
       Leather armour    |     7 |    11 |       ||    18
       Ring mail         |    10 |     6 |       ||    16
       Plate armour      |       |     5 |       ||     5
Dodge: Dodged            |    37 |    82 |    17 ||   136

Table legend:
 A = Spawn XP
 B = Non-spawn XP
 C = Spawn XP percentage of total XP
 D = Spawn monster count
 E = Non-spawn monster count
 F = Spawn count percentage of total count
 G = Total turns spent on level
                    A         B        C        D         E        F      G
               +---------+---------+-------+---------+---------+-------+---------
         Total |       0 |     638 |   0.0 |       0 |      91 |   0.0 |  5843
               +---------+---------+-------+---------+---------+-------+---------
           D:1 |       0 |      30 |   0.0 |       0 |      20 |   0.0 |  1446
           D:2 |       0 |      92 |   0.0 |       0 |      34 |   0.0 |  1203
           D:3 |       0 |      71 |   0.0 |       0 |      17 |   0.0 |  1423
           D:4 |       0 |     163 |   0.0 |       0 |      13 |   0.0 |   965
           D:5 |       0 |     282 |   0.0 |       0 |       7 |   0.0 |   806
               +---------+---------+-------+---------+---------+-------+---------
